 Dungeon Crawl Stone Soup version 0.31-a0-435-g2c6fae2916 (webtiles) character file.

Game seed: 16773850488658849021

3137 Grim the Jinx (level 9, -2/48 HPs)
             Began as a Deep Elf Enchanter on July 31, 2023.
             Was a Believer of Cheibriados.
             Slain by Gastronok (18 damage)
             ... on level 8 of the Dungeon on Aug 1, 2023.
             The game lasted 00:24:20 (9738 turns).

Grim the Jinx (Deep Elf Enchanter)                  Turns: 9738, Time: 00:24:21

Health: -2/48      AC: 13    Str: 11    XL:     9   Next: 61%
Magic:  6/12       EV: 18    Int: 31    God:    Cheibriados [**....]
Gold:   609        SH:  5    Dex: 25    Spells: 14/22 levels left

rFire   . . .        m - +5 dagger "Beastslayer" {freeze, rPois rCorr MP-9 Dex+4}
rCold   . . .        (no shield)
rNeg    . . .        r - +6 leather armour of the Enchanted Forest {rCorr}
rPois   +            n - +0 helmet
rElec   .            (no cloak)
rCorr   +            j - +0 pair of gloves
SInv    .            v - +1 pair of boots
Will    .....        B - amulet of reflection
Stlth   +++++        k - +5 ring of evasion
HPRegen 0.28/turn    (no ring)
MPRegen 0.13/turn

%: reflection
@: hasted and slowed, very slow
A: no striking features
a: Renounce Religion, Bend Time


You were on level 8 of the Dungeon.
You worshipped Cheibriados.
Cheibriados was pleased with you.
You visited 2 branches of the dungeon, and saw 9 of its levels.
You also visited: Sewer.

You collected 609 gold pieces.

Inventory:

Hand Weapons
 m - the +5 dagger "Beastslayer" (weapon) {freeze, rPois rCorr MP-9 Dex+4}
   (You found it on level 3 of the Dungeon)

   Dex:       It affects your dexterity (+4).
   rPois:     It protects you from poison.
   MP:        It affects your magic capacity (-9).
   rCorr:     It protects you from acid and corrosion.
Missiles
 z - 3 throwing nets
Armour
 j - a +0 pair of gloves (worn)
 n - a +0 helmet (worn)
 r - the +6 leather armour of the Enchanted Forest (worn) {rCorr}
   (You took it off a gnoll on level 3 of the Dungeon)

   rCorr:     It protects you from acid and corrosion.
 v - a +1 pair of boots (worn)
Jewellery
 k - a +5 ring of evasion (left hand)
 B - an amulet of reflection (around neck)
Wands
 c - a wand of charming (3)
 y - a wand of polymorph (5)
Scrolls
 a - a scroll of amnesia {unknown}
 d - 3 scrolls of immolation {unknown}
 e - 2 scrolls of torment {unknown}
 g - 4 scrolls of teleportation
 l - a scroll of fear {unknown}
 q - 6 scrolls of identify {unknown}
 s - 2 scrolls of enchant armour {unknown}
 t - 2 scrolls of noise
 w - 2 scrolls of silence {unknown}
 x - a scroll of blinking {unknown}
Potions
 b - 2 potions of brilliance {unknown}
 f - 3 potions of haste
 h - a potion of resistance {unknown}
 i - a potion of curing
 o - 2 potions of attraction {unknown}
 p - 3 potions of lignification {unknown}
 u - 5 potions of enlightenment
 A - a potion of mutation {unknown}


   Skills:
 - Level 2.1 Fighting
 - Level 1.7(4.1) Short Blades
 - Level 5.3(5.5) Long Blades
 - Level 2.4 Dodging
 + Level 9.1 Stealth
 * Level 7.0 Spellcasting
 + Level 10.5 Hexes
 - Level 2.1 Ice Magic
 - Level 3.2 Invocations


You had 14 spell levels left.
You knew the following spells:

 Your Spells              Type           Power      Damage    Failure   Level
a - Ensorcelled Hibernat  Hex/Ice        100%       N/A       1%          2
b - Confusing Touch       Hex            66%        N/A       1%          3
c - Tukima's Dance        Hex            66%        N/A       1%          3

Your spell library contained the following spells:

 Spells                   Type           Power      Damage    Failure   Level
 Dazzling Flash           Conj/Hex       86%        N/A       1%          3
 Inner Flame              Hex/Fire       43%        N/A       1%          3
 Frozen Ramparts          Ice            48%        1d8       7%          3
 Metabolic Englaciation   Hex/Ice        25%        N/A       12%         5
 Volatile Blastmotes      Fire/Tloc      20%        2d11      17%         3
 Flame Wave               Conj/Fire      10%        2d6       50%         4
 Petrify                  Tmut/Erth      10%        N/A       50%         4
 Sticky Flame             Conj/Fire      10%        2d3       50%         4
 Starburst                Conj/Fire      5%         6d4       100%        6
 Maxwell's Capacitive Co  Air            5%         ∞         100%        8


Dungeon Overview and Level Annotations

Branches:
Dungeon (8/15)             Temple (1/1) D:4           Sewer (visited)
   Lair: D:8-11

Altars:
Cheibriados
Dithmenos
Elyvilon
Fedhas
Gozag
Hepliaklqana
Kikubaaqudgha
Makhleb
Nemelex Xobeh
Ru
Sif Muna
Trog
Uskayaw
Vehumet
Wu Jian
Xom
Yredelemnul
Zin
The Shining One

Shops:
D:8 !

Annotations:
D:6 2 transporters, paps's ghost, novice TrBe
D:8 1 runed translucent door, AdnanSaban's ghost, novice GrFi; Gastronok


Message History

You see here a +0 robe.
Gastronok the Ponderous comes into view.
He is wearing a +2 hat of stealth.
Gastronok gurgles horribly!
Gastronok looks at you and mumbles some strange words.
You feel yourself slow down.
Casting: Tukima's Dance (safe; 1% risk of failure)
Confirm with . or Enter, or press ? or * to list all spells.
Your hands begin to glow red.
You hit Gastronok but do no damage. Gastronok bites you!!
* * * LOW HITPOINT WARNING * * *
You hit Gastronok but do no damage. You hit Gastronok but do no damage.
Gastronok bites you!!
* * * LOW HITPOINT WARNING * * *
You hit Gastronok but do no damage.
It was a potion of haste.
You feel yourself speed up.
Cheibriados forgives your accidental hurry, just this once.
Gastronok closely misses you.
It was a potion of curing.
You feel better. You block Gastronok's attack.
Casting: Confusing Touch (safe; 1% risk of failure)
Confirm with . or Enter, or press ? or * to list all spells.
Aiming: Ensorcelled Hibernation (safe; 1% risk of failure)
Press: ? - help, Shift-Dir - straight line, f - Gastronok
Aim: Gastronok, wearing a +2 hat of stealth (chance to confuse on hit: 28%, chance to affect: 21%) Gastronok resists with almost no effort.
Casting: Ensorcelled Hibernation (safe; 1% risk of failure)
Confirm with . or Enter, or press ? or * to list all spells.
Your hands begin to glow brighter.
Gastronok waves his eye-stalks in wide circles.
The air twists around and strikes you!
* * * LOW HITPOINT WARNING * * *
You feel better.
You feel better. Gastronok closely misses you.
You hit Gastronok but do no damage. You hit Gastronok but do no damage.
Gastronok appears confused.
You hit Gastronok. You freeze Gastronok.
Gastronok is lightly wounded.
You are too injured to fight recklessly!
You are too injured to fight recklessly!
Gastronok bites you!!
You die...

####...#####.........####........
'.............#####.....'........
####....###...# #..####........ #
##.#.# ##+## #..# ##....... ###.#
#.$W# #..# ##.....# #.#
#P8P#####..# ##...## #.#
#####.....## ##+## ### #.# #w####
#.# ..## #.# #@# #.### ...# #.#
#.# ##.... #..####.# #.######
##...## ........#
#......#####.....# ...######
#.###.)[)......... ##.#
#.###[.#######∩.#. ##.# #......#
#..## ...# #.####.# #..## ####
#.####.# #..##


You could see Gastronok (confused).

Vanquished Creatures
  Grinder (D:4)
  A steam dragon (D:8)
  An ice beast (D:5)
  2 sky beasts
  3 ogres
  2 kobold brigands (D:8)
  A bullfrog (D:7)
  2 gnoll sergeants
  2 scorpions
  6 wights
  6 killer bees (D:7)
  A howler monkey (D:7)
  2 jellies
  3 hounds
  2 orc priests
  An iguana (D:5)
  2 sleepcaps (D:6)
  6 orc wizards
  10 gnolls
  5 river rats
  20 adders
  An ufetubus (D:6)
  4 worms
  9 dart slugs
  33 orcs
  9 ball pythons
  2 endoplasms
  8 giant cockroaches
  4 hobgoblins
  5 jackals (Sewer)
  13 kobolds
  10 quokkas
  11 bats
  5 frilled lizards
  6 goblins
  7 rats
  A spectral orc (D:4)
207 creatures vanquished.

Vanquished Creatures (collateral kills)
  An ogre (D:5)
  3 wights (D:8)
  An orc priest (D:4)
  A gnoll (D:6)
  3 orcs
  A hobgoblin (D:3)
10 creatures vanquished.

Vanquished Creatures (others)
  2 dancing weapons
2 creatures vanquished.

Grand Total: 219 creatures vanquished

Notes
Turn   | Place    | Note
-------+----------+-------------------------------------------
     0 | D:1      | Grim the Deep Elf Enchanter began the quest for the Orb.
     0 | D:1      | Reached XP level 1. HP: 10/10 MP: 6/6
   218 | D:1      | Reached XP level 2. HP: 6/15 MP: 8/8
   449 | D:1      | Learned a level 2 spell: Ensorcelled Hibernation
   845 | D:2      | Reached skill level 1 in Ice Magic
   845 | D:2      | Reached XP level 3. HP: 19/19 MP: 9/9
   942 | D:2      | Learned a level 3 spell: Confusing Touch
   946 | D:2      | Learned a level 3 spell: Tukima's Dance
  1018 | D:2      | Reached skill level 5 in Hexes
  1357 | D:2      | Identified the +7 long sword of the Asp {speed, rElec rF-
                  | Int+4 Dex+2}
  1410 | D:2      | Reached XP level 4. HP: 24/24 MP: 10/10
  1755 | D:3      | Identified the +5 dagger "Beastslayer" {freeze, rPois rCorr
                  | MP-9 Dex+4}
  1858 | D:3      | Reached skill level 1 in Long Blades
  2074 | D:3      | Reached XP level 5. HP: 28/28 MP: 11/11
  2118 | D:3      | Upgraded the game from 0.31-a0-430-gf8416d752b to
                  | 0.31-a0-435-g2c6fae2916
  2496 | D:3      | Reached skill level 6 in Hexes
  2588 | D:3      | Identified the +6 leather armour of the Enchanted Forest
                  | {rCorr}
  2719 | D:3      | Reached XP level 6. HP: 30/32 MP: 12/12
  3135 | D:4      | Found a glowing drain.
  3158 | Sewer    | Entered a sewer
  3870 | D:4      | Reached skill level 7 in Hexes
  3870 | D:4      | Reached XP level 7. HP: 33/36 MP: 7/13
  4018 | D:4      | Found a staircase to the Ecumenical Temple.
  4260 | D:4      | Noticed Grinder
  4261 | D:4      | Paralysed by Grinder for 2 turns
  4273 | D:4      | Killed Grinder
  4274 | D:4      | Reached skill level 5 in Long Blades
  4406 | Temple   | Entered the Ecumenical Temple
  4539 | Temple   | Became a worshipper of Cheibriados the Contemplative
  4816 | D:4      | Reached skill level 8 in Hexes
  4862 | D:4      | Reached skill level 1 in Fighting
  4862 | D:4      | Reached skill level 5 in Stealth
  4933 | D:4      | Found a basalt altar of Yredelemnul.
  4970 | D:5      | Entered Level 5 of the Dungeon
  5054 | D:5      | Reached XP level 8. HP: 42/43 MP: 5/14
  5599 | D:5      | Reached * piety under Cheibriados
  5730 | D:5      | Reached skill level 1 in Invocations
  5865 | D:5      | Found a hazy altar of Hepliaklqana.
  5998 | D:5      | Reached skill level 9 in Hexes
  6300 | D:6      | Found a shadowy altar of Dithmenos.
  6540 | D:6      | Noticed paps's ghost (novice TrBe)
  6541 | D:6      | Found a transporter.
  6541 | D:6      | Identified the +5 dire flail "Atiunu" {spect, rN+ Int+4
                  | Stlth+}
  6713 | D:6      | Found a transporter.
  6995 | D:7      | Reached XP level 9. HP: 48/48 MP: 6/15
  8417 | D:7      | Reached ** piety under Cheibriados
  8750 | D:7      | Reached skill level 5 in Spellcasting
  8750 | D:7      | Reached skill level 10 in Hexes
  8900 | D:7      | Found an opulent altar of Gozag.
  9415 | D:8      | Found a runed translucent door.
  9416 | D:8      | Noticed AdnanSaban's ghost (novice GrFi)
  9584 | D:8      | Found Woimah's Distillery.
  9721 | D:8      | Noticed Gastronok
  9738 | D:8      | Slain by Gastronok

Illustrated notes

Levels and vault maps discovered:
D:1:      dpeg_arrival_central, layout_loops_ring, minmay_3d_cube
D:2:      layout_rooms
D:3:      minmay_evil_eye, layout_loops_cross, minmay_misc_feat_enclosed,
          minmay_puff
D:4:      layout_loops_ring, yredelemnul_forgotten_temple_becter,
          temple_doors_e, portal_sewer_entry_a, uniq_grinder
D:5:      layout_basic, general_overflow_altar
D:6:      layout_loops_ring, kennysheep_little_box, gammafunk_ghost_smash,
          kennysheep_nondescript, kennysheep_cluttered_room,
          kennysheep_generic_room_11
D:7:      layout_gridville, amcnicky_altar_gilded
D:8:      gammafunk_boulding_lane, layout_loops_corners, serial_shops, shop,
          gammafunk_ghost_grave, serial_bayou_crossing, uniq_gastronok
Temple:   bh_familiar_temple

Skill      XL: |  1  2  3  4  5  6  7  8  9 |
---------------+----------------------------+-----
Stealth        | 4 5 7 9 |  9.1
Ice Magic      | 1 2 |  2.1
Hexes          | 5 6 7 8 9 10 | 10.5
Long Blades    | 1 3 4 5 |  5.3
Fighting       | 1 2 |  2.1
Invocations    | 3 |  3.2
Spellcasting   | 7 |  7.0
Short Blades   | |  1.7
Dodging        | |  2.4

Action                     |  1- 3 |  4- 6 |  7- 9 || total
---------------------------+-------+-------+-------++-------
  Melee: Dagger            |    87 |       |   266 ||   353
         Long sword        |     5 |   231 |    23 ||   259
         Punch             |       |     2 |     6 ||     8
   Cast: Ensorcelled Hiber |    16 |     6 |     7 ||    29
         Confusing Touch   |     1 |     5 |    13 ||    19
         Tukima's Dance    |       |     6 |    15 ||    21
 Invoke: Bend Time         |       |       |     1 ||     1
    Use: Scroll            |       |       |     1 ||     1
         Potion            |       |       |     6 ||     6
   Stab: Sleeping          |    18 |    10 |    14 ||    42
         Confused          |     1 |     2 |     8 ||    11
         Distracted        |       |     1 |     1 ||     2
         Invisible         |       |       |     3 ||     3
 Armour: Robe              |    18 |     9 |       ||    27
         Leather armour    |       |    36 |    62 ||    98
  Dodge: Dodged            |    42 |   168 |   254 ||   464
  Block: Other             |       |       |    24 ||    24
         Reflection        |       |       |     2 ||     2

Table legend: (Time is in decaauts)
 A = Elapsed time spent in this place.
 B = Non-inter-level travel time spent in this place.
 C = Inter-level travel time spent in this place.
 D = Time resting spent in this place.
 E = Time spent auto-exploring this place.
 F = Levels seen in this place.
 G = Mean time per level.
                   A        B        C        D        E       F      G
               +--------+--------+--------+--------+--------+-----+--------+
         Total |  10814 |  10578 |    236 |   3204 |   5211 |  10 | 1081.4 |
       Dungeon |   9923 |   9706 |    217 |   3204 |   4732 |   8 | 1240.4 |
        Temple |    171 |    153 |     18 |      0 |      0 |   1 |  171.0 |
         Sewer |    719 |    719 |      0 |      0 |    479 |   1 |  719.0 |
               +--------+--------+--------+--------+--------+-----+--------+

Top non-repeatable levels by time:
     D:6: 2299 daAuts
     D:4: 1469 daAuts
     D:3: 1312 daAuts
     D:7: 1221 daAuts
     D:5: 1006 daAuts
     D:2: 939 daAuts
     D:8: 841 daAuts
     D:1: 833 daAuts
   Sewer: 719 daAuts
  Temple: 171 daAuts
